 Dungeon Crawl Stone Soup version 0.30-a0-939-gc8157cb160 (webtiles) character file.

Game seed: 4305134176300148207

351 arthad the Digger (level 6, -5/35 HPs)
             Began as a Gargoyle Earth Elementalist on Mar 25, 2023.
             Slain by Pikel
             ... wielding a +2 whip of flaming
              (9 damage)
             ... on level 4 of the Dungeon.
             The game lasted 00:04:12 (2504 turns).

arthad the Digger (Gargoyle Earth Elementalist)     Turns: 2504, Time: 00:04:13

Health: -5/35      AC:  6    Str: 12    XL:     6   Next: 61%
Magic:  1/11       EV: 12    Int: 17    God:
Gold:   204        SH:  0    Dex: 10    Spells: 11/12 levels left

rFire   + . .      SeeInvis .    u - +0 whip (elec)
rCold   + . .      Faith    .    (no shield)
rNeg    + . .      Spirit   .    a - +0 robe
rPois   ∞          Reflect  .    (no helmet)
rElec   +          Rampage  .    (no cloak)
rCorr   +                        (no gloves)
Will    .....                    (no boots)
Stlth   ++                       (no amulet)
HPRegen 0.25/turn                (no ring)
MPRegen 0.12/turn                (no ring)

@: resistant
A: sickness immunity, AC +4, negative energy resistance 1, electricity
resistance, torment resistance 1, petrification resistance
a: no special abilities


You were on level 4 of the Dungeon.
You visited 1 branch of the dungeon, and saw 4 of its levels.

You collected 204 gold pieces.

Inventory:

Hand Weapons
 u - a +0 whip of electrocution (weapon)
Missiles
 e - 9 poisoned darts
Armour
 a - a +0 robe (worn)
 p - a +1 leather armour of fire resistance
Jewellery
 d - a ring of positive energy
Wands
 v - a wand of digging (4)
 w - a wand of roots (6)
Scrolls
 c - a scroll of brand weapon {unknown}
 g - a scroll of magic mapping {unknown}
 h - 4 scrolls of identify {unknown}
 i - 2 scrolls of teleportation {unknown}
 j - 3 scrolls of vulnerability {unknown}
 k - a scroll of fog {unknown}
 l - 2 scrolls of immolation {unknown}
 o - a scroll of enchant armour {unknown}
 t - a scroll of enchant weapon {unknown}
Potions
 b - a potion of magic
 f - a potion of resistance
 m - 2 potions of brilliance {unknown}
 n - 3 potions of curing {unknown}
 q - a potion of ambrosia {unknown}
 r - a potion of cancellation {unknown}
 s - a potion of berserk rage {unknown}
 x - 2 potions of attraction {unknown}


   Skills:
 + Level 2.0 Fighting
 + Level 2.0 Armour
 + Level 2.3 Dodging
 + Level 3.3 Stealth
 * Level 3.5 Spellcasting
 - Level 0.7 Transmutations
 * Level 5.5 Earth Magic


You had 11 spell levels left.
You knew the following spells:

 Your Spells              Type           Power      Damage    Failure   Level
a - Sandblast             Erth           42%        2d11      1%          1

Your spell library contained the following spells:

 Spells                   Type           Power      Damage    Failure   Level
 Passwall                 Tmut/Erth      10%        N/A       7%          2
 Stone Arrow              Conj/Erth      24%        3d8       16%         3
 Shock                    Conj/Air       12%        1d3       17%         1
 Petrify                  Tmut/Erth      13%        N/A       41%         4
 Ozocubu's Armour         Ice            3%         N/A       45%         3
 Swiftness                Air            3%         N/A       45%         3
 Airstrike                Air            1%         2d(1-17)  86%         4
 Ozocubu's Refrigeration  Ice            1%         4d7       100%        7


Dungeon Overview and Level Annotations

Branches:
Dungeon (4/15)
 Temple: D:4-7

Altars:
Cheibriados

Shops:
D:1 :   D:3 :

Annotations:
D:4 Pikel


Innate Abilities, Weirdness & Mutations

You are immune to sickness and miasma.
Your stone body is resilient. (AC +4)
You are immune to poison.
You resist negative energy. (rN+)
You are resistant to electric shocks. (rElec)
You are resistant to unholy torment.
You are immune to petrification.


Message History

The blast of sand hits the black bear but does no damage.
The black bear is severely wounded.
The black bear bites you. The black bear barely misses you.
The black bear claws you but does no damage.
The blast of sand hits the black bear!
The black bear is almost dead.
The black bear bites you but does no damage.
The black bear claws you but does no damage.
The black bear claws you.
The black bear goes berserk!
The blast of sand hits the black bear.
You kill the black bear!
Your Fighting skill increases to level 2!
Your Armour skill increases to level 2!
Press: ? - help, v - describe, . - travel, g - get item
Here: Pikel, wielding a +2 whip of flaming and wearing a +0 robe
Items here: a +0 dagger of venom; a +0 robe; an orc corpse.
The floor.
Unknown command.
You hear the crackle of electricity.
u - a +0 whip of electrocution (weapon)
The orc closely misses you.
You hit the orc but do no damage.
The orc hits you with a +1 hand axe of electrocution.
You barely miss the orc.
The orc hits you with a +1 hand axe of electrocution.
You hit the orc.
The orc is almost dead.
The orc hits you with a +1 hand axe of electrocution.
You hit the orc. Lightning courses through the orc!!
You kill the orc!
You hit Pikel.
Pikel is lightly wounded.
Pikel hits you with a +2 whip of flaming!
* * * LOW HITPOINT WARNING * * *
Pikel burns you.
* * * LOW HITPOINT WARNING * * *
It was a potion of resistance.
You feel protected.
Pikel hits you with a +2 whip of flaming!
You die...

#... ....
#..####.##
.... ....
#5.##...
#55.....
#5##...# #.
#K##.#.# #.
#@##.#.# #.#
#......# ..
####.###
###.### #.#
#.....##
####.####
#.....#.
#.......#
#....<#.
#.#####.#
#.....'. #
#.###.....#.
#.........#.


You could see Pikel and 4 lemures.

Vanquished Creatures
  A black bear (D:4)
  An orc priest (D:3)
  Natasha (thrice) (D:3)
  2 orc wizards
  A mummy (D:3)
  3 adders
  A worm (D:2)
  4 dart slugs
  6 orcs
  8 endoplasms
  3 giant cockroaches
  A goblin (D:3)
  3 hobgoblins (D:3)
  3 kobolds
  6 ball pythons
  6 bats
  6 rats
58 creatures vanquished.

Notes
Turn   | Place    | Note
-------+----------+-------------------------------------------
     0 | D:1      | arthad the Gargoyle Earth Elementalist began the quest for
                  | the Orb.
     0 | D:1      | Reached XP level 1. HP: 10/10 MP: 3/3
   393 | D:1      | Found Ukedes's Vocational Training.
   468 | D:1      | Reached XP level 2. HP: 16/16 MP: 1/5
   611 | D:2      | Reached skill level 4 in Earth Magic
   791 | D:2      | Reached XP level 3. HP: 20/20 MP: 3/6
  1241 | D:3      | Found Fazewk's Book Boutique.
  1280 | D:3      | Reached skill level 1 in Fighting
  1574 | D:3      | Reached XP level 4. HP: 25/25 MP: 4/7
  1729 | D:3      | Noticed Natasha
  1731 | D:3      | Killed Natasha
  1732 | D:3      | Reached skill level 1 in Armour
  1973 | D:3      | Reached XP level 5. HP: 28/29 MP: 3/9
  2108 | D:3      | Found a snail-covered altar of Cheibriados.
  2166 | D:3      | Reached skill level 5 in Earth Magic
  2196 | D:3      | Noticed Natasha
  2200 | D:3      | Killed Natasha
  2295 | D:3      | Noticed Natasha
  2298 | D:3      | Killed Natasha
  2299 | D:3      | Reached XP level 6. HP: 35/35 MP: 8/10
  2487 | D:4      | Noticed Pikel
  2487 | D:4      | Noticed a black bear
  2497 | D:4      | Killed a black bear
  2504 | D:4      | Slain by Pikel

Illustrated notes

Levels and vault maps discovered:
D:1:      roderic_octagonal_star, layout_rooms, nicolae_shop_vocational
D:2:      layout_basic
D:3:      layout_basic, chei_slow_surprise, serial_shops, shop,
          bh_walls_and_bars, uniq_natasha
D:4:      layout_loops_cross, kennysheep_another_room, uniq_pikel

Skill      XL: |  1  2  3  4  5  6 |
---------------+-------------------+-----
Earth Magic    | 4 5 |  5.5
Fighting       | 1 2 |  2.0
Armour         | 1 2 |  2.0
Dodging        | 2 |  2.3
Spellcasting   | 3 |  3.5
Stealth        | 3 |  3.3
Transmutations | |  0.7

Action                     |  1- 3 |  4- 6 || total
---------------------------+-------+-------++-------
  Melee: Unarmed           |     2 |       ||     2
         Whip              |       |     5 ||     5
   Cast: Sandblast         |    41 |    49 ||    90
    Use: Potion            |       |     1 ||     1
 Armour: Robe              |     1 |     8 ||     9
  Dodge: Dodged            |     4 |    16 ||    20

Table legend: (Time is in decaauts)
 A = Elapsed time spent in this place.
 B = Non-inter-level travel time spent in this place.
 C = Inter-level travel time spent in this place.
 D = Time resting spent in this place.
 E = Time spent auto-exploring this place.
 F = Levels seen in this place.
 G = Mean time per level.
                   A        B        C        D        E       F      G
               +--------+--------+--------+--------+--------+-----+--------+
         Total |   2548 |   2422 |    126 |      0 |   2134 |   4 |  637.0 |
       Dungeon |   2548 |   2422 |    126 |      0 |   2134 |   4 |  637.0 |
               +--------+--------+--------+--------+--------+-----+--------+

Top non-repeatable levels by time:
     D:3: 1225 daAuts
     D:2: 714 daAuts
     D:1: 531 daAuts
     D:4: 77 daAuts
